 Dungeon Crawl Stone Soup version 0.30.0-30-g96aa6591b8 (webtiles) character file.

Game seed: 8235001373547601405

60 cheesebisquit the Gusty (level 4, -4/43 HPs)
             Began as an Octopode Air Elementalist on June 30, 2023.
             Slain by a water moccasin (6 damage)
             ... on level 3 of the Dungeon.
             The game lasted 00:06:49 (1795 turns).

cheesebisquit the Gusty (Octopode Air Elementalist) Turns: 1795, Time: 00:06:50

Health: -4/43      AC:  1    Str:  7    XL:     4   Next: 6%
Magic:  0/8        EV: 18    Int: 19    God:
Gold:   107        SH:  0    Dex: 12    Spells: 2/8 levels left

rFire   . . .        (no weapon)
rCold   . . .        (no shield)
rNeg    . . .        (helmet restricted)
rPois   .            (no amulet)
rElec   .            o - +5 ring of evasion
rCorr   .            (no ring)
SInv    .            (no ring)
Will    .....        (no ring) Stlth
                     (no ring)
HPRegen 0.27/turn    (no ring)
MPRegen 0.11/turn    (no ring)
                     (no ring)

%: no passive effects
@: berserking, about to teleport, very quick
A: almost no armour, amphibious, 8 rings, camouflage 1, gelatinous body 1,
(nimble swimmer 1), tentacles
a: no special abilities


You were on level 3 of the Dungeon.
You visited 1 branch of the dungeon, and saw 3 of its levels.

You collected 107 gold pieces.

Inventory:

Magical Staves
 l - a staff of poison
Jewellery
 o - a +5 ring of evasion (left tentacle)
Scrolls
 b - 3 scrolls of teleportation
 c - a scroll of magic mapping {unknown}
 e - 2 scrolls of brand weapon {unknown}
 f - a scroll of vulnerability {unknown}
 g - a scroll of poison {unknown}
 k - 2 scrolls of identify {unknown}
 m - a scroll of amnesia {unknown}
 n - a scroll of blinking {unknown}
Potions
 a - a potion of attraction {unknown}
 d - a potion of brilliance {unknown}
 h - a potion of cancellation {unknown}
 i - a potion of flight {unknown}
 j - a potion of berserk rage
 p - a potion of mutation {unknown}


   Skills:
 + Level 1.8 Fighting
 - Level 2.0 Dodging
 - Level 2.6 Stealth
 + Level 2.7 Spellcasting
 + Level 1.2 Conjurations
 + Level 3.6 Air Magic


You had 2 spell levels left.
You knew the following spells:

 Your Spells              Type           Power      Damage    Failure   Level
a - Shock                 Conj/Air       44%        1d5       6%          1
b - Static Discharge      Conj/Air       22%        2-3/arc   9%          2
c - Swiftness             Air            16%        N/A       11%         3

Your spell library contained the following spells:

 Spells                   Type           Power      Damage    Failure   Level
 Airstrike                Air            8%         2d(2-18)  34%         4
 Ozocubu's Armour         Ice            2%         N/A       43%         3
 Metabolic Englaciation   Hex/Ice        1%         N/A       99%         5
 Simulacrum               Ice/Necr       1%         N/A       100%        6


Dungeon Overview and Level Annotations

Branches:
Dungeon (3/15)

Altars:
Hepliaklqana


Innate Abilities, Weirdness & Mutations

You cannot wear most types of armour.
You are amphibious.
You can wear up to eight rings at the same time.
Your skin changes colour to match your surroundings (Stealth+).
Your rubbery body absorbs attacks. (AC +1, EV +1)
((You are camouflaged when in or above water. (Stealth+)))
You have tentacles for arms and can constrict up to eight enemies at once.


Message History

A water moccasin comes into view.
Something hits you.
You are out of magic!
Something closely misses you.
The water moccasin hisses angrily.
You tentacle-slap the orc but do no damage.
You grab the orc. You squeeze the orc.
The orc is severely wounded.
You constrict the orc. The orc hits you but does no damage. Something hits you.
You tentacle-slap the orc.
You kill the orc!
Something closely misses you. Something hits you.
The zap misses the water moccasin.
The water moccasin bites you! The water moccasin barely misses you.
The endoplasm misses you. Something hits you.
Okay, then.
As you read the scroll labelled CETEGA MESSISA, it crumbles to dust.
You feel strangely unstable.
It was a scroll of teleportation.
The water moccasin bites you.
* * * LOW HITPOINT WARNING * * *
The endoplasm misses you. Something hits you.
* * * LOW HITPOINT WARNING * * *
It was a potion of berserk rage.
A red film seems to cover your vision as you go berserk!
You feel yourself moving faster!
You feel mighty! The water moccasin misses you.
The endoplasm closely misses you. The water moccasin bites you.
* * * LOW HITPOINT WARNING * * *
Something hits you.
* * * LOW HITPOINT WARNING * * *
You are too berserk!
You are too berserk!
You closely miss something. The water moccasin barely misses you.
You miss something. The endoplasm barely misses you.
Something barely misses you.
You closely miss the water moccasin. You grab the water moccasin.
Your squeeze misses the water moccasin. You constrict the water moccasin.
The water moccasin bites you.
You die...

#..............# ######
#........###...###.....
#........# ###..##.....
#........### ##.##.....
#..........# #........
##..........# ####.....
............# #.....
............# #..###
.......@....# ##..
......S{J...... ##..
.........)..... ###
..........).....
................
...........##..
.........).. ..
#######......


You could see a water moccasin and an endoplasm.

Vanquished Creatures
  An adder (D:2)
  A worm (D:2)
  2 dart slugs
  5 orcs
  4 bats
  4 endoplasms
  A giant cockroach (D:1)
  A goblin (D:2)
  5 hobgoblins
  4 jackals (D:1)
  2 kobolds
  A quokka (D:2)
  A ball python (D:2)
  2 frilled lizards
  2 rats (D:2)
36 creatures vanquished.

Notes
Turn   | Place    | Note
-------+----------+-------------------------------------------
     0 | D:1      | cheesebisquit the Octopode Air Elementalist began the quest
                  | for the Orb.
     0 | D:1      | Reached XP level 1. HP: 11/11 MP: 3/3
   144 | D:1      | Reached XP level 2. HP: 18/18 MP: 0/5
   213 | D:1      | Reached skill level 1 in Fighting
   705 | D:2      | Reached XP level 3. HP: 23/23 MP: 1/6
  1300 | D:2      | Learned a level 2 spell: Static Discharge
  1304 | D:2      | Learned a level 3 spell: Swiftness
  1454 | D:2      | Found a hazy altar of Hepliaklqana.
  1784 | D:3      | Reached XP level 4. HP: 29/29 MP: 0/8
  1785 | D:3      | Noticed a water moccasin
  1792 | D:3      | HP: 1/43 [something (2)]
  1795 | D:3      | Slain by a water moccasin

Illustrated notes

Levels and vault maps discovered:
D:1:      roderic_crop_circles_arrival_small, layout_rooms,
          amcnicky_mini_rare_corridor_liquid, minmay_misc_feat_room
D:2:      layout_basic, basic_altar, corexii_shack
D:3:      minmay_diamond_boxcup, layout_basic, slow_altar_2

Skill      XL: |  1  2 |
---------------+-------+-----
Fighting       | 1 |  1.8
Dodging        | |  2.0
Stealth        | |  2.6
Spellcasting   | |  2.7
Conjurations   | |  1.2
Air Magic      | |  3.6

Action                     |  1- 3 |  4- 6 || total
---------------------------+-------+-------++-------
  Melee: Unarmed           |     7 |     5 ||    12
         Constrict         |     3 |     2 ||     5
         Tentacles         |     2 |     1 ||     3
   Cast: Shock             |    88 |     1 ||    89
    Use: Potion            |     1 |     1 ||     2
         Scroll            |       |     1 ||     1
 Armour: Skin              |     2 |     1 ||     3
  Dodge: Dodged            |     9 |    10 ||    19
